| TOP OF THE 1ST |
|
Oakland Athletics batting - Pitching for New York Yankees : RHP Blake Green
|
|
Pitching: RHP Blake Green
|
|
|
Batting: RHB Willie Randolph
|
0-0: Foul Ball, location: 2F 0-1: Called Strike 0-2: Ball 1-2: Ground out 6-3 (Groundball, 6, EV 77.5 MPH)
|
|
Batting: LHB Ruppert Jones
|
0-0: Ball 1-0: Ball 2-0: Reached on error, E7 (Flyball, 7, EV 89.4 MPH)
|
|
Batting: RHB Dave Henderson
|
0-0: Called Strike Ruppert Jones steals 2nd base 0-1: Called Strike 0-2: Strikes out looking
|
|
Batting: LHB Reggie Jackson
|
0-0: Called Strike 0-1: Foul Ball, location: 2F 0-2: Ball 1-2: Foul Ball, location: 2F 1-2: Foul Ball, location: 2F 1-2: Strikes out swinging
|
| Top of the 1st over - 0 runs, 0 hits, 1 error, 1 left on base; Oakland 0 - New York 0 |
| BOTTOM OF THE 1ST |
|
New York Yankees batting - Pitching for Oakland Athletics : LHP Gerald Tyler
|
|
Pitching: LHP Gerald Tyler
|
|
|
Batting: LHB Wade Boggs
|
0-0: Ball 1-0: Ball 2-0: SINGLE (Groundball, 13S, EV 63.8 MPH) (infield hit)
|
|
Batting: RHB Emanuel Cortez
|
0-0: Ball 1-0: Ball 2-0: Called Strike 2-1: Ball 3-1: Base on Balls Wade Boggs to second
|
|
Batting: LHB Kent Hrbek
|
0-0: Foul Ball, location: 2F 0-1: Foul Ball, location: 2F 0-2: Ball 1-2: DOUBLE (Line Drive, 7LM, EV 109.4 MPH) Wade Boggs scores Emanuel Cortez to third
|
|
Batting: LHB George Kaage
|
0-0: Called Strike 0-1: Ball 1-1: Swinging Strike 1-2: Ball 2-2: Ball 3-2: Fly out, F8 (Line Drive, 8RD, EV 88.1 MPH) Runner from 3rd tags up, SCORES, no throw by CF
|
|
Batting: RHB Pedro Guerrero
|
0-0: SINGLE (Groundball, 56S, EV 63.1 MPH) (infield hit) Kent Hrbek to third
|
|
Batting: LHB Mario Cabrera
|
0-0: Called Strike 0-1: Called Strike 0-2: Strikes out swinging
|
|
Batting: SHB Willie Wilson
|
0-0: Swinging Strike 0-1: Fielders Choice at 2nd, 6-4 (Groundball, 6, EV 87.5 MPH)
|
| Bottom of the 1st over - 2 runs, 3 hits, 0 errors, 2 left on base; Oakland 0 - New York 2 |
| TOP OF THE 2ND |
|
Oakland Athletics batting - Pitching for New York Yankees : RHP Blake Green
|
|
Batting: RHB George Hendrick
|
0-0: Fly out, F5 (Line Drive, 5, EV 68.1 MPH)
|
|
Batting: RHB Earl C Williams
|
0-0: Ball 1-0: Ball 2-0: Called Strike 2-1: Swinging Strike 2-2: Fly out, F7 (Flyball, 78S, EV 86.3 MPH)
|
|
Batting: LHB Ben Oglivie
|
0-0: Ball 1-0: SINGLE (Groundball, 4MD, EV 98.8 MPH)
|
|
Batting: SHB Chico Walker
|
0-0: Ball Ben Oglivie is caught stealing 2nd base 2-6
|
| Top of the 2nd over - 0 runs, 1 hit, 0 errors, 0 left on base; Oakland 0 - New York 2 |
| BOTTOM OF THE 2ND |
|
New York Yankees batting - Pitching for Oakland Athletics : LHP Gerald Tyler
|
|
Batting: LHB Ron Hassey
|
0-0: SINGLE (Line Drive, 9S, EV 105.6 MPH)
|
|
Batting: RHB David Hall
|
0-0: Ball 1-0: Called Strike 1-1: Ball 2-1: Ball 3-1: Called Strike 3-2: Foul Ball, location: 2F 3-2: Foul Ball, location: 2F 3-2: Strikes out swinging
|
|
Batting: LHB Wade Boggs
|
0-0: SINGLE (Groundball, 34S, EV 85.6 MPH) (infield hit) Ron Hassey to second
|
|
Batting: RHB Emanuel Cortez
|
0-0: Ball 1-0: Ball 2-0: Swinging Strike 2-1: Called Strike 2-2: Ball 3-2: Base on Balls Ron Hassey to third Wade Boggs to second
|
|
Batting: LHB Kent Hrbek
|
0-0: Called Strike 0-1: SINGLE (Line Drive, 8RS, EV 108.8 MPH) Ron Hassey scores Wade Boggs to third Emanuel Cortez to second Runner from 3rd tries for Home, SAFE, throw by CF to home
|
|
Batting: LHB George Kaage
|
0-0: Called Strike 0-1: Ball 1-1: Foul Ball, location: 2F 1-2: Grounds into double play, 3-6-1 (Groundball, 3, EV 91.9 MPH)
|
| Bottom of the 2nd over - 2 runs, 3 hits, 0 errors, 1 left on base; Oakland 0 - New York 4 |
| TOP OF THE 3RD |
|
Oakland Athletics batting - Pitching for New York Yankees : RHP Blake Green
|
|
Batting: SHB Chico Walker
|
0-0: Foul Ball, location: 2F 0-1: Ball 1-1: Ball 2-1: Swinging Strike 2-2: Strikes out looking
|
|
Batting: RHB Fred Andrews
|
0-0: Called Strike 0-1: Ball 1-1: Called Strike 1-2: Ball 2-2: Foul Ball, location: 2F 2-2: Strikes out looking
|
|
Batting: RHB Willie Randolph
|
0-0: Ball 1-0: Called Strike 1-1: Swinging Strike 1-2: Ball 2-2: Strikes out looking
|
| Top of the 3rd over - 0 runs, 0 hits, 0 errors, 0 left on base; Oakland 0 - New York 4 |
| BOTTOM OF THE 3RD |
|
New York Yankees batting - Pitching for Oakland Athletics : LHP Gerald Tyler
|
|
Batting: RHB Pedro Guerrero
|
0-0: Called Strike 0-1: Ball 1-1: Ball 2-1: Ball 3-1: Called Strike 3-2: Strikes out looking
|
|
Batting: LHB Mario Cabrera
|
0-0: Ball 1-0: Swinging Strike 1-1: Foul Ball, location: 2F 1-2: Foul Ball, location: 2F 1-2: Ball 2-2: Foul Ball, location: 2F 2-2: Foul Ball, location: 2F 2-2: Ball 3-2: Strikes out looking
|
|
Batting: SHB Willie Wilson
|
0-0: DOUBLE (Line Drive, 8LD, EV 100.0 MPH)
|
|
Batting: LHB Ron Hassey
|
0-0: Called Strike 0-1: Ball 1-1: Ball 2-1: Foul Ball, location: 2F 2-2: Foul Ball, location: 2F 2-2: Fly out, F7 (Flyball, 78S, EV 92.5 MPH)
|
| Bottom of the 3rd over - 0 runs, 1 hit, 0 errors, 1 left on base; Oakland 0 - New York 4 |
| TOP OF THE 4TH |
|
Oakland Athletics batting - Pitching for New York Yankees : RHP Blake Green
|
|
Batting: LHB Ruppert Jones
|
0-0: Ball 1-0: Called Strike 1-1: Foul Ball, location: 2F 1-2: SOLO HOME RUN (Flyball, 9LD, EV 100.6 MPH), Distance : 370 ft
|
|
Batting: RHB Dave Henderson
|
0-0: Swinging Strike 0-1: Ball 1-1: Ball 2-1: Ball 3-1: Swinging Strike 3-2: Strikes out looking
|
|
Batting: LHB Reggie Jackson
|
0-0: Called Strike 0-1: Ball 1-1: Foul Ball, location: 2F 1-2: Ball 2-2: Strikes out swinging
|
|
Batting: RHB George Hendrick
|
0-0: Ball 1-0: Ball 2-0: Called Strike 2-1: Ball 3-1: Called Strike 3-2: Strikes out swinging
|
| Top of the 4th over - 1 run, 1 hit, 0 errors, 0 left on base; Oakland 1 - New York 4 |
| BOTTOM OF THE 4TH |
|
New York Yankees batting - Pitching for Oakland Athletics : LHP Gerald Tyler
|
|
Batting: RHB David Hall
|
0-0: Called Strike 0-1: Foul Ball, location: 2F 0-2: Ball 1-2: Strikes out looking
|
|
Batting: LHB Wade Boggs
|
0-0: Ball 1-0: Ground out 6-3 (Groundball, 6, EV 85.0 MPH)
|
|
Batting: RHB Emanuel Cortez
|
0-0: Fly out, F9 (Line Drive, 9, EV 94.4 MPH)
|
| Bottom of the 4th over - 0 runs, 0 hits, 0 errors, 0 left on base; Oakland 1 - New York 4 |
| TOP OF THE 5TH |
|
Oakland Athletics batting - Pitching for New York Yankees : RHP Blake Green
|
|
Batting: RHB Earl C Williams
|
0-0: SINGLE (Groundball, 56D, EV 105.6 MPH)
|
|
Batting: LHB Ben Oglivie
|
0-0: Ball 1-0: Swinging Strike 1-1: Ball Wild Pitch! Earl C Williams to second 2-1: Ball 3-1: SINGLE (Line Drive, 78S, EV 93.8 MPH) Earl C Williams to third Runner from 3rd tries for Home, SAFE, throw by LF to home
|
|
Batting: SHB Chico Walker
|
0-0: Ball 1-0: Ball 2-0: Swinging Strike 2-1: Foul Ball, location: 2F 2-2: Strikes out swinging
|
|
Batting: RHB Fred Andrews
|
0-0: Grounds into double play, 5-4-3 (Groundball, 5, EV 103.1 MPH)
|
| Top of the 5th over - 1 run, 2 hits, 0 errors, 0 left on base; Oakland 2 - New York 4 |
| BOTTOM OF THE 5TH |
|
New York Yankees batting - Pitching for Oakland Athletics : LHP Gerald Tyler
|
|
Batting: LHB Kent Hrbek
|
0-0: SINGLE (Groundball, 3S, EV 94.4 MPH)
|
|
Batting: LHB George Kaage
|
0-0: Swinging Strike 0-1: Ball 1-1: Ball Wild Pitch! Kent Hrbek to second 2-1: Swinging Strike 2-2: Strikes out looking
|
|
Batting: RHB Pedro Guerrero
|
0-0: Ball 1-0: Called Strike 1-1: Fly out, F9 (Flyball, 9, EV 89.4 MPH)
|
|
Batting: LHB Mario Cabrera
|
0-0: Ball 1-0: Ground out 4-3 (Groundball, 4MS, EV 70.0 MPH)
|
| Bottom of the 5th over - 0 runs, 1 hit, 0 errors, 1 left on base; Oakland 2 - New York 4 |
| TOP OF THE 6TH |
|
Oakland Athletics batting - Pitching for New York Yankees : RHP Blake Green
|
|
Batting: RHB Willie Randolph
|
0-0: Ball 1-0: Foul Ball, location: 2F 1-1: Ball 2-1: Swinging Strike 2-2: SINGLE (Groundball, 34D, EV 96.9 MPH)
|
|
Batting: LHB Ruppert Jones
|
0-0: Ball 1-0: Called Strike 1-1: Foul Ball, location: 2F 1-2: Strikes out swinging
|
|
Batting: RHB Dave Henderson
|
0-0: Ball 1-0: Ball 2-0: Called Strike 2-1: Ball 3-1: Grounds into double play, 5-4-3 (Groundball, 56, EV 81.9 MPH)
|
| Top of the 6th over - 0 runs, 1 hit, 0 errors, 0 left on base; Oakland 2 - New York 4 |
| BOTTOM OF THE 6TH |
|
New York Yankees batting - Pitching for Oakland Athletics : LHP Gerald Tyler
|
|
Batting: SHB Willie Wilson
|
0-0: Ball 1-0: Swinging Strike 1-1: Foul Ball, location: 2F 1-2: Reached on error, E6 (Groundball, 6, EV 101.3 MPH)
|
|
Batting: LHB Ron Hassey
|
0-0: Ground out 4-3 (Groundball, 4, EV 105.6 MPH) Willie Wilson to third
|
|
Batting: RHB David Hall
|
0-0: Ball Steal of home, Willie Wilson is out 1-0: Ball 2-0: Foul Ball, location: 2F 2-1: Foul Ball, location: 2F 2-2: Foul Ball, location: 2F 2-2: Ball 3-2: Foul Ball, location: 2F 3-2: Foul Ball, location: 2F 3-2: Strikes out looking
|
| Bottom of the 6th over - 0 runs, 0 hits, 1 error, 0 left on base; Oakland 2 - New York 4 |
| TOP OF THE 7TH |
|
Oakland Athletics batting - Pitching for New York Yankees : RHP Blake Green
|
|
Batting: LHB Reggie Jackson
|
0-0: Ball 1-0: Foul Ball, location: 2F 1-1: Swinging Strike 1-2: Foul Ball, location: 2F 1-2: Strikes out looking
|
|
Batting: RHB George Hendrick
|
0-0: Swinging Strike 0-1: Ball 1-1: SINGLE (Groundball, 4S, EV 67.5 MPH) (infield hit)
|
|
Batting: RHB Earl C Williams
|
0-0: Called Strike 0-1: Ground out 6-3 (Groundball, 6, EV 89.4 MPH) George Hendrick to second
|
|
Batting: LHB Ben Oglivie
|
0-0: Called Strike 0-1: Ball 1-1: Swinging Strike 1-2: Foul Ball, location: 2F 1-2: Ball 2-2: Foul Ball, location: 2F 2-2: Ball 3-2: Base on Balls
|
|
Pinch Runner at 2nd John Scott:
|
|
|
Batting: SHB Chico Walker
|
0-0: Called Strike 0-1: Swinging Strike 0-2: Ball 1-2: Ball 2-2: Strikes out looking
|
| Top of the 7th over - 0 runs, 1 hit, 0 errors, 2 left on base; Oakland 2 - New York 4 |
| BOTTOM OF THE 7TH |
|
New York Yankees batting - Pitching for Oakland Athletics : LHP Gerald Tyler
|
|
Now at 3B: John Scott
|
|
|
Batting: LHB Wade Boggs
|
0-0: Ball 1-0: Ball 2-0: SINGLE (Line Drive, 7S, EV 94.4 MPH)
|
|
Batting: RHB Emanuel Cortez
|
0-0: Bunted foul 0-1: Bunted foul 0-2: Ground out 4-3 (Groundball, 34, EV 86.3 MPH) Wade Boggs to second
|
|
Batting: LHB Kent Hrbek
|
0-0: Intentional Walk
|
|
Batting: LHB George Kaage
|
0-0: 3-RUN HOME RUN (Flyball, 9D, EV 92.5 MPH), Distance : 390 ft
|
|
Pitching: RHP Neil Allen
|
|
|
Batting: RHB Pedro Guerrero
|
0-0: Ball 1-0: Fly out, F2 (Popup, 2LF, EV 87.5 MPH)
|
|
Batting: LHB Mario Cabrera
|
0-0: Foul Ball, location: 2F 0-1: Foul Ball, location: 2F 0-2: Ball 1-2: Ground out U3 (Groundball, 3, EV 82.5 MPH)
|
| Bottom of the 7th over - 3 runs, 2 hits, 0 errors, 0 left on base; Oakland 2 - New York 7 |
| TOP OF THE 8TH |
|
Oakland Athletics batting - Pitching for New York Yankees : RHP Blake Green
|
|
Batting: RHB Fred Andrews
|
0-0: Ball 1-0: Swinging Strike 1-1: Foul Ball, location: 2F 1-2: Strikes out looking
|
|
Batting: RHB Willie Randolph
|
0-0: Called Strike 0-1: Ball 1-1: Fly out, F9 (Flyball, 9LS, EV 94.4 MPH)
|
|
Batting: LHB Ruppert Jones
|
0-0: Ball 1-0: Ground out 6-3 (Groundball, 6, EV 104.4 MPH)
|
| Top of the 8th over - 0 runs, 0 hits, 0 errors, 0 left on base; Oakland 2 - New York 7 |
| BOTTOM OF THE 8TH |
|
New York Yankees batting - Pitching for Oakland Athletics : RHP Neil Allen
|
|
Batting: SHB Willie Wilson
|
0-0: Foul Ball, location: 2F 0-1: Fly out, F3 (Popup, 3, EV 65.0 MPH)
|
|
Batting: LHB Ron Hassey
|
0-0: Ball 1-0: Ball 2-0: Ball 3-0: Base on Balls
|
|
Batting: RHB David Hall
|
0-0: Called Strike 0-1: Called Strike 0-2: Ball 1-2: Foul Ball, location: 2F 1-2: Strikes out swinging
|
|
Batting: LHB Wade Boggs
|
0-0: Swinging Strike 0-1: Swinging Strike 0-2: Ball 1-2: Foul Ball, location: 2F 1-2: Strikes out swinging, 2-3 out at first.
|
| Bottom of the 8th over - 0 runs, 0 hits, 0 errors, 1 left on base; Oakland 2 - New York 7 |
| TOP OF THE 9TH |
|
Oakland Athletics batting - Pitching for New York Yankees : RHP Blake Green
|
|
Pitching: RHP Greg Field
|
|
|
Batting: RHB Dave Henderson
|
0-0: Called Strike 0-1: Ball 1-1: Foul Ball, location: 2F 1-2: Ball 2-2: Foul Ball, location: 2F 2-2: Foul Ball, location: 2F 2-2: Foul Ball, location: 2F 2-2: Ball 3-2: Foul Ball, location: 2F 3-2: Foul Ball, location: 2F 3-2: Fly out, F8 (Flyball, 89XD, EV 94.4 MPH)
|
|
Batting: LHB Reggie Jackson
|
0-0: Called Strike 0-1: Swinging Strike 0-2: Ball 1-2: Ball 2-2: Strikes out swinging
|
|
Batting: RHB John Scott
|
0-0: Ball 1-0: Called Strike 1-1: Ball 2-1: Swinging Strike 2-2: Fly out, F7 (Line Drive, 7, EV 90.6 MPH)
|
| Top of the 9th over - 0 runs, 0 hits, 0 errors, 0 left on base; Oakland 2 - New York 7 |
|